 Dungeon Crawl Stone Soup version 0.30.1-4-g462c640d31 (webtiles) character file.

Game seed: 9813072392172568026

5765 Zeor the Thaumaturge (level 10, -3/52 HPs)
             Began as a Deep Elf Ice Elementalist on Sept 5, 2023.
             Was a Believer of Sif Muna.
             Engulfed by a cloud of flame (8 damage)
             ... in a volcano on Sept 6, 2023.
             The game lasted 00:37:15 (8532 turns).

Zeor the Thaumaturge (Deep Elf Ice Elementalist)    Turns: 8532, Time: 00:37:16

Health: -3/52      AC:  8    Str:  5    XL:     10   Next: 49%
Magic:  28/28      EV: 17    Int: 25    God:    Sif Muna [**....]
Gold:   194        SH:  0    Dex: 18    Spells: 19/33 levels left

rFire   + . .        a - staff of cold
rCold   + . .        (no shield)
rNeg    . . .        k - +1 robe
rPois   .            g - +2 hat
rElec   .            p - +0 cloak
rCorr   .            u - +1 pair of gloves {Dex+3}
SInv    .            (no boots)
Will    +....        D - amulet of magic regeneration
Stlth   +++          A - ring of fire
HPRegen 0.28/turn    y - ring of protection from cold
MPRegen 0.61/turn

%: no passive effects
@: no status effects
A: no striking features
a: Renounce Religion, Channel Magic


You were in a volcano.
You worshipped Sif Muna.
Sif Muna was pleased with you.
You visited 3 branches of the dungeon, and saw 11 of its levels.
You also visited: Sewer and Volcano.

You collected 494 gold pieces.
You spent 300 gold pieces at shops.

Inventory:

Hand Weapons
 b - a +3 spectral rapier
 E - a +4 rapier of venom
 I - a +1 short sword of holy wrath
 J - a +2 hand axe of flaming
Missiles
 d - 2 silver boomerangs
 F - 18 poisoned darts
Armour
 g - a +2 hat (worn)
 k - a +1 robe (worn)
 p - a +0 cloak (worn)
 u - a +1 pair of gloves of dexterity (worn)
Magical Staves
 a - a staff of cold (weapon)
Jewellery
 c - a +6 ring of strength
 y - a ring of protection from cold (right hand)
 A - a ring of fire (left hand)
 D - an amulet of magic regeneration (around neck)
Wands
 s - a wand of roots (21)
 t - a wand of mindburst (17)
 z - a wand of polymorph (6)
 C - a wand of digging (1)
Scrolls
 h - 2 scrolls of amnesia
 q - a scroll of fear
 r - 5 scrolls of poison
 B - 2 scrolls of fog
Potions
 f - 2 potions of heal wounds
 i - a potion of mutation
 j - 2 potions of cancellation
 l - 7 potions of curing
 n - 3 potions of haste
 o - 2 potions of flight
 v - 4 potions of might
 w - 5 potions of attraction
 x - 2 potions of berserk rage
 G - 2 potions of lignification


   Skills:
 + Level 1.3 Fighting
 - Level 3.0 Short Blades
 + Level 2.0 Staves
 * Level 7.8 Dodging
 + Level 4.8 Stealth
 + Level 12.4 Spellcasting
 + Level 1.0 Summonings
 + Level 10.0 Ice Magic
 * Level 5.2 Invocations


You had 19 spell levels left.
You knew the following spells:

 Your Spells              Type           Power      Damage    Failure   Level
a - Ozocubu's Armour      Ice            78%        N/A       1%          3
b - Summon Ice Beast      Ice/Summ       60%        N/A       3%          4
f - Freeze                Ice            100%       1d10      1%          1
r - Frozen Ramparts       Ice            100%       1d16      1%          3
v - Vampiric Draining     Necr           15%        2d7       12%         3

Your spell library contained the following spells:

 Spells                   Type           Power      Damage    Failure   Level
 Foxfire                  Conj/Fire      92%        2x1d8     3%          1
 Slow                     Hex            60%        N/A       3%          1
 Sublimation of Blood     Necr           15%        N/A       6%          2
 Wereblood                Tmut           15%        N/A       6%          2
 Confusing Touch          Hex            15%        N/A       12%         3
 Ozocubu's Refrigeration  Ice            39%        4d16      45%         7
 Fireball                 Conj/Fire      11%        3d7       71%         5
 Plasma Beam              Fire/Air       11%        2x1d24    99%         6
 Starburst                Conj/Fire      11%        6d5       99%         6
 Summon Hydra             Summ           10%        N/A       100%        7


Dungeon Overview and Level Annotations

Branches:
Dungeon (9/15)             Temple (1/1) D:6            Lair (1/5) D:8
  Sewer (visited)         Volcano (1/1)
    Orc: D:9-12

Altars:
Ashenzari
Cheibriados
Dithmenos
Elyvilon
Fedhas
Gozag
Hepliaklqana
Kikubaaqudgha
Makhleb
Nemelex Xobeh
Okawaru
Qazlal
Ru
Sif Muna
Trog
Uskayaw
Vehumet
Wu Jian
Xom
Yredelemnul
Zin
The Shining One

Shops:
D:4 =   D:5 :   D:6 :   D:7 :


Message History

The glob of lava hits you! You partially resist.
Aiming: Freeze (safe; 1% risk of failure)
Press: ? - help, Q - select action, (/) - cycle Shift-Dir - straight line, f/p - lava snake
Aim: a lava snake (lava, almost dead)
You feel a surge of power!
You freeze the lava snake!
The lava snake is frozen!
You kill the lava snake!
Sif Muna accepts your kill. The fire bat bites you.
* * * LOW HITPOINT WARNING * * *
You are engulfed in flames.
You resist.
* * * LOW HITPOINT WARNING * * *
Aiming: Freeze (safe; 1% risk of failure)
Press: ? - help, Q - select action, (/) - cycle Shift-Dir - straight line, f - fire bat
Aim: a fire bat You feel a surge of power!
You freeze the fire bat!
The fire bat is frozen!
The fire bat is heavily wounded.
The fire bat bites you.
* * * LOW HITPOINT WARNING * * *
You are engulfed in flames.
You resist.
* * * LOW HITPOINT WARNING * * *
The fire bat barely misses you.
Casting: Freeze (safe; 1% risk of failure)
Confirm with . or Enter, or press ? or * to list all spells.
Casting: Frozen Ramparts (safe; 1% risk of failure)
Press: ? - help, Dir - look around, f - activate You feel a surge of power!
The walls around you are covered in ice.
The fire bat is frozen!
The wall freezes the fire bat!
The fire bat barely misses you.
The fire bat is frozen!
The wall freezes the fire bat.
You kill the fire bat!
Sif Muna accepts your kill.
Your Invocations skill increases to level 5!
The frozen ramparts melt away as you move.
The air gets thick with the scent of sulphur.
The volcano roars to life, belching forth lava!
You are engulfed in blazing flames.
You resist.
* * * LOW HITPOINT WARNING * * *
You are engulfed in blazing flames.
You resist.
You die...

▒▒ ∙▒▒▒▒ ∙∙∙∙▒▒▒▒
∙∙∙∙∙∙∙▒▒▒▒▒▒▒
∙≈∙∙∙∙∙∙○°○☼○▒▒▒
≈≈≈≈≈≈∙∙○☼○○○○○▒▒▒
##≈###≈#○°°∙○○○°○▒▒▒
##≈##≈≈#°○○☼○○○○☼○○▒
≈#######≈○○☼☼°○○e☼▒▒▒▒▒
#≈#≈≈#≈#≈##°○#☼∙○○☼☼°∩▒
≈≈#≈#≈#≈≈#○○#☼○○○°○☼○▒▒
≈####≈≈○#○≈○≈○≈#∙∙°☼○▒
≈○○#○○°#≈○∙○○○○▒▒
#°≈#○°○≈∙#○○○○°☼▒
≈○#○○#∙∙○○○☼○▒▒
≈≈##≈≈#∙∙∙∙∙∙∙▒
#≈≈≈∙∙∙∙∙∙▒


There were no monsters in sight!

Vanquished Creatures
  2 cane toads (Lair:1)
  A troll (D:7)
  5 yaks (Lair:1)
  Sigmund (D:5)
  Eustachio (D:4)
  2 fire bats (Volcano)
  Edmund (D:4)
  2 wargs (D:8)
  Duvessa (D:5)
  A water moccasin (D:7)
  3 black bears
  3 ice beasts
  4 orc warriors
  An ogre (D:6)
  2 centaurs
  3 phantoms
  A kobold brigand (D:7)
  3 scorpions
  Dowan (D:5)
  2 howler monkeys (D:5)
  3 lava snakes (Volcano)
  3 jellies
  6 orc priests
  A hound (D:5)
  Crazy Yiuf (D:3)
  Terence (D:3)
  An iguana (D:6)
  11 orc wizards
  A hell rat (Sewer)
  3 gnolls (D:3)
  A river rat (Sewer)
  5 adders
  3 white imps
  2 ufetubi (D:5)
  A worm (D:3)
  3 dart slugs (D:2)
  32 orcs
  3 endoplasms
  4 giant cockroaches
  4 goblins
  4 hobgoblins
  4 jackals (D:4)
  3 quokkas
  7 ball pythons
  A bat (D:2)
  A frilled lizard (D:1)
  14 kobolds
  13 rats
176 creatures vanquished.

Vanquished Creatures (collateral kills)
  A water moccasin (D:7)
  An ice beast (D:6)
  A kobold brigand (D:6)
  A sleepcap (D:8)
  An iguana (D:6)
  An orc wizard (D:7)
  A shadow imp (D:8)
  5 orcs (D:7)
  A kobold (D:6)
13 creatures vanquished.

Grand Total: 189 creatures vanquished

Notes
Turn   | Place    | Note
-------+----------+-------------------------------------------
     0 | D:1      | Zeor the Deep Elf Ice Elementalist began the quest for the
                  | Orb.
     0 | D:1      | Reached XP level 1. HP: 10/10 MP: 6/6
   265 | D:1      | Found a faded altar of an unknown god.
   275 | D:1      | Reached XP level 2. HP: 15/15 MP: 8/8
  1115 | D:2      | Reached skill level 5 in Ice Magic
  1300 | D:2      | Reached XP level 3. HP: 19/19 MP: 7/9
  1390 | D:2      | Learned a level 3 spell: Frozen Ramparts
  1784 | D:3      | Noticed Terence
  1797 | D:3      | Killed Terence
  2012 | D:3      | Reached XP level 4. HP: 20/24 MP: 4/11
  2071 | D:3      | Learned a level 3 spell: Ozocubu's Armour
  2127 | D:3      | Reached skill level 4 in Spellcasting
  2186 | D:3      | Found a runed translucent door.
  2187 | D:3      | Noticed Crazy Yiuf
  2194 | D:3      | Killed Crazy Yiuf
  3019 | D:3      | Reached XP level 5. HP: 28/28 MP: 13/13
  3351 | D:4      | Found a stormy altar of Qazlal.
  3382 | D:4      | Reached skill level 5 in Spellcasting
  3382 | D:4      | Reached XP level 6. HP: 31/32 MP: 0/15
  3388 | D:4      | Noticed Eustachio
  3400 | D:4      | Reached skill level 1 in Staves
  3416 | D:4      | Killed Eustachio
  3459 | D:4      | Found a glowing drain.
  3470 | Sewer    | Entered a sewer
  3576 | Sewer    | Reached skill level 6 in Spellcasting
  3576 | Sewer    | Reached XP level 7. HP: 37/37 MP: 7/18
  3791 | D:4      | Learned a level 4 spell: Summon Ice Beast
  3977 | D:4      | Found Quima's Jewellery Shop.
  4007 | D:4      | Noticed Edmund
  4020 | D:4      | Killed Edmund
  4021 | D:4      | Reached skill level 5 in Dodging
  4271 | D:4      | Reached skill level 1 in Short Blades
  4272 | D:4      | Reached skill level 7 in Spellcasting
  4449 | D:5      | Entered Level 5 of the Dungeon
  4496 | D:5      | Found Noni's Book Shop.
  4513 | D:5      | Reached XP level 8. HP: 42/42 MP: 11/21
  4592 | D:5      | Reached skill level 8 in Spellcasting
  4602 | D:5      | Reached skill level 1 in Fighting
  4785 | D:5      | Noticed Sigmund
  4825 | D:5      | Killed Sigmund
  5104 | D:5      | Found a white marble altar of Elyvilon.
  5332 | D:5      | Noticed Duvessa
  5338 | D:5      | Noticed Dowan
  5341 | D:5      | Killed Duvessa
  5342 | D:5      | Reached skill level 9 in Spellcasting
  5343 | D:5      | Killed Dowan
  5681 | D:6      | Found Zueceif's Book Shoppe.
  5768 | D:4      | Bought an amulet of magic regeneration for 300 gold pieces
  5822 | D:6      | Reached XP level 9. HP: 40/47 MP: 24/24
  5917 | D:6      | Found a staircase to the Ecumenical Temple.
  5926 | Temple   | Entered the Ecumenical Temple
  6104 | Temple   | Became a worshipper of Sif Muna the Loreminder
  6481 | D:7      | Found Ruagyla's Book Shop.
  6497 | D:7      | Reached skill level 10 in Spellcasting
  6501 | D:7      | Reached skill level 1 in Invocations
  6581 | D:7      | Found a glowing golden altar of the Shining One.
  6582 | D:7      | Found a shadowy altar of Dithmenos.
  6587 | D:7      | Found an ancient bone altar of Kikubaaqudgha.
  6767 | D:7      | Noticed a troll
  6785 | D:7      | Killed a troll
  7073 | D:7      | Reached * piety under Sif Muna
  7231 | D:7      | Reached skill level 11 in Spellcasting
  7348 | D:7      | Reached skill level 1 in Summonings
  7854 | D:8      | Found a staircase to the Lair.
  7887 | D:8      | Reached XP level 10. HP: 52/52 MP: 23/27
  8238 | Lair:1   | Entered Level 1 of the Lair of Beasts
  8238 | Lair:1   | Noticed a cane toad
  8242 | Lair:1   | Killed a cane toad
  8263 | Lair:1   | Noticed a cane toad
  8271 | Lair:1   | Killed a cane toad
  8272 | Lair:1   | Reached skill level 12 in Spellcasting
  8283 | Lair:1   | Learned a level 3 spell: Vampiric Draining
  8326 | Lair:1   | Reached ** piety under Sif Muna
  8331 | Lair:1   | Reached skill level 10 in Ice Magic
  8333 | Lair:1   | Found a dark tunnel.
  8343 | Volcano  | Entered a volcano
  8516 | Volcano  | Reached skill level 5 in Invocations
  8532 | Volcano  | Engulfed by a cloud of flame

Illustrated notes

Levels and vault maps discovered:
D:1:      evilmike_arrival_home_sweet_home, layout_loops_ring,
          basic_ecumenical_altar
D:2:      layout_basic, minivault_25
D:3:      layout_basic, chequers_serial_rivers_small_b, hex_medium,
          uniq_crazy_yiuf_cottage, uniq_terence
D:4:      layout_rooms, mainiacjoe_overflow_brackets, portal_sewer_entry_d,
          serial_shops, nicolae_shop_gaudy_bauble, uniq_edmund, uniq_eustachio
D:5:      layout_gridville, marbit_many_paths, serial_shops, shop_fountains,
          minmay_misc_feat_room, uniq_duvessa, uniq_sigmund
D:6:      layout_rooms, minmay_temple_entry_junction, serial_shops,
          nicolae_square_shop
D:7:      layout_cave_pods, nicolae_overflow_hidden_temple, serial_shops,
          nicolae_stop_n_shop_2
D:8:      layout_loops_ring, erik_lair_orcish_takeover, hangedman_decor_riveting
D:9:      layout_cave_pods
Temple:   nicolae_temple_bog_church
Lair:1:   layout_concentric_octagons, enter_volcano_1
Volcano:  volcano_lake [vl_original]

Skill      XL: |  1  2  3  4  5  6  7  8  9 10 |
---------------+-------------------------------+-----
Ice Magic      | 5 6 8 9 10 | 10.0
Stealth        | 3 4 |  4.8
Dodging        | 3 4 5 6 7 |  7.8
Spellcasting   | 4 5 6 7 9 11 12 | 12.4
Staves         | 1 2 |  2.0
Short Blades   | 1 2 3 |  3.0
Fighting       | 1 |  1.3
Invocations    | 3 5 |  5.2
Summonings     | 1 |  1.0

Action                     |  1- 3 |  4- 6 |  7- 9 | 10-12 || total
---------------------------+-------+-------+-------+-------++-------
  Melee: Dagger            |    18 |       |       |       ||    18
         Quarterstaff      |       |    14 |    13 |       ||    27
         Rapier            |       |       |   123 |     4 ||   127
         Punch             |       |       |     2 |       ||     2
         Staff             |       |       |       |     3 ||     3
   Cast: Freeze            |    25 |    21 |    40 |    28 ||   114
         Frozen Ramparts   |     4 |    14 |    41 |     9 ||    68
         Ozocubu's Armour  |       |     3 |    37 |     6 ||    46
         Summon Ice Beast  |       |       |     8 |     1 ||     9
    Use: Scroll            |     7 |     3 |    12 |     6 ||    28
         Potion            |     1 |     1 |     1 |       ||     3
   Stab: Sleeping          |     9 |     3 |     2 |     1 ||    15
 Armour: Robe              |     2 |     5 |    76 |     7 ||    90
  Dodge: Dodged            |    18 |    19 |   115 |    25 ||   177
